 Dungeon Crawl Stone Soup version 0.25-a0-413-g3b4b6a4ccc (webtiles) character file.

Game seed: 11873090127488371852, levelgen mode: deterministic

95 Alfie the Skirmisher (level 4, 0/40 HPs)
             Began as a Hill Orc Fighter on Jan 14, 2020.
             Slain by a gnoll
             ... wielding a +0 spear
              (7 damage)
             ... on level 3 of the Dungeon.
             The game lasted 00:06:28 (1714 turns).

Alfie the Skirmisher (Hill Orc Fighter)             Turns: 1714, Time: 00:06:28

Health: 0/40       AC:  9    Str: 19    XL:     4   Next: 66%
Magic:  4/4        EV:  7    Int:  8    God:
Gold:   129        SH:  9    Dex: 10    Spells: 3/3 levels left

rFire    . . .     SeeInvis .   a - +0 rapier
rCold    . . .     Gourm    .   c - +0 shield
rNeg     . . .     Faith    .   b - +0 scale mail
rPois    .         Spirit   .   (no helmet)
rElec    .         Reflect  .   (no cloak)
rCorr    .         Harm     .   (no gloves)
MR       .....                  (no boots)
Stlth    ..........             (no amulet)
HPRegen  0.13/turn              (no ring)
MPRegen  0.09/turn              (no ring)

@: no status effects
A: molten scales 1, blink, mutation resistance 1
a: Blink


You were on level 3 of the Dungeon.
You were not hungry.

You visited 1 branch of the dungeon, and saw 3 of its levels.

You collected 129 gold pieces.

Inventory:

Hand Weapons
 a - a +0 rapier (weapon)
Missiles
 i - 97 arrows
Armour
 b - a +0 scale mail (worn)
 c - a +0 shield (worn)
Jewellery
 g - an uncursed amulet of guardian spirit {unknown}
 o - an uncursed ring of protection from magic {unknown}
 r - an uncursed ring of resist corrosion
Scrolls
 e - a scroll of teleportation {unknown}
 j - a scroll of identify {unknown}
 m - 5 scrolls of remove curse {unknown}
 q - a scroll of fog {unknown}
Potions
 d - a potion of might
 h - a potion of resistance
 k - a potion of haste
 l - a potion of brilliance {unknown}
 n - a potion of curing {unknown}
 p - a potion of lignification
 s - a potion of cancellation
Comestibles
 f - 5 rations


   Skills:
 + Level 4.2 Fighting
 + Level 3.1 Short Blades
 + Level 4.0 Armour
 + Level 0.6 Dodging
 + Level 3.9 Shields


You had 3 spell levels left.
You didn't know any spells.
Your spell library was empty.

Dungeon Overview and Level Annotations

Branches:
Dungeon (3/15)

Altars:
Makhleb
Okawaru
Xom


Innate Abilities, Weirdness & Mutations

You are partially covered in molten scales. (AC +2)
You can translocate small distances at will.
You are somewhat resistant to further mutation.


Message History

The gnoll is lightly wounded.
The gnoll completely misses you.
The gnoll hits you from afar with a +0 spear.
You hit the gnoll.
The gnoll is moderately wounded.
The gnoll hits you. You block the gnoll's attack. x2
You hit the gnoll.
The gnoll is severely wounded.
You block the gnoll's attack. The gnoll hits you!
You hit the gnoll.
The gnoll is almost dead.
The gnoll hits you but does no damage. You block the gnoll's attack.
The gnoll hits you from afar with a +0 spear.
* * * LOW HITPOINT WARNING * * *
You hit the gnoll.
You kill the gnoll!
Your Armour skill increases to level 4!
The gnoll hits you but does no damage. The gnoll hits you with a +0 spear!
You die...

#..
######..########
........#
...<....#
#######.#
#....)# #.#####
#(# #)# #@# #g#
#g. #..# ...#
.(.# .#.# .# .#


You could see a gnoll and a goblin.

Vanquished Creatures
  A gnoll (D:3)
  An adder (D:3)
  2 worms (D:2)
  A dart slug (D:1)
  2 leopard geckos
  2 orcs (D:3)
  6 bats
  3 giant cockroaches
  5 goblins
  10 hobgoblins
  6 jackals
  3 quokkas (D:2)
  2 ball pythons (D:2)
  4 frilled lizards
  7 kobolds
  5 rats
60 creatures vanquished.

Notes
Turn   | Place    | Note
-------+----------+-------------------------------------------
     0 | D:1      | Alfie the Hill Orc Fighter began the quest for the Orb.
     0 | D:1      | Reached XP level 1. HP: 19/19 MP: 1/1
    72 | D:1      | Reached XP level 2. HP: 26/27 MP: 2/2
   454 | D:1      | Reached XP level 3. HP: 33/33 MP: 3/3
  1166 | D:2      | Found an iron altar of Okawaru.
  1225 | D:2      | Found a burning altar of Makhleb.
  1244 | D:2      | Found a shimmering altar of Xom.
  1272 | D:2      | Reached XP level 4. HP: 4/40 MP: 4/4
  1500 | D:2      | Gained mutation: You are partially covered in molten
                  | scales. (AC +2) [potion of mutation]
  1500 | D:2      | Gained mutation: You are somewhat resistant to further
                  | mutation. [potion of mutation]
  1500 | D:2      | Gained mutation: You can translocate small distances at
                  | will. [potion of mutation]
  1714 | D:3      | Slain by a gnoll

Levels and vault maps discovered:
D:1:      scummos_arrival_simple_crosswalls, layout_basic
D:2:      layout_rooms, grunt_temple_overflow_open, okawaru_ov_weapons_minmay
D:3:      layout_loops_ring, chequers_ecumenical_altar_twisty

Skill      XL: |  1  2  3  4 |
---------------+-------------+-----
Fighting       | 4 |  4.2
Short Blades   | 3 |  3.1
Armour         | 4 |  4.0
Dodging        | |  0.6
Shields        | |  3.9

Action                   |  1- 3 |  4- 6 || total
-------------------------+-------+-------++-------
Melee: Rapier            |   165 |    77 ||   242
  Use: Potion            |       |     5 ||     5
  Eat: Ration            |     1 |       ||     1
Armor: Scale mail        |    71 |    36 ||   107
       Skin              |       |     3 ||     3
Dodge: Dodged            |    44 |    20 ||    64
Block: Shield            |    78 |    29 ||   107

Table legend:
 A = Non-vault XP
 B = Vault XP
 C = Vault XP percentage of total XP
 D = Non-vault monster count
 E = Vault monster count
 F = Vault count percentage of total count
                 A         B        C        D         E       F
            +---------+---------+-------+---------+---------+-------
      Total |     137 |       0 |   0.0 |      60 |       0 |   0.0
            +---------+---------+-------+---------+---------+-------
        D:1 |      56 |       0 |   0.0 |      31 |       0 |   0.0
        D:2 |      37 |       0 |   0.0 |      19 |       0 |   0.0
        D:3 |      44 |       0 |   0.0 |      10 |       0 |   0.0
            +---------+---------+-------+---------+---------+-------
